 Dungeon Crawl Stone Soup version 0.30-a0-808-g6e0788376e (webtiles) character file.

Game seed: 13498677627198236344

47 Iich the Chopper (level 3, -5/33 HPs)
             Began as a Hill Orc Fighter on Feb 26, 2023.
             Killed from afar by a white imp (8 damage)
             ... with a puff of frost
             ... summoned by Natasha
             ... on level 2 of the Dungeon.
             The game lasted 00:02:42 (1118 turns).

Iich the Chopper (Hill Orc Fighter)                 Turns: 1118, Time: 00:02:43

Health: -5/33      AC:  6    Str: 18    XL:     3   Next: 70%
Magic:  3/3        EV:  9    Int:  8    God:
Gold:   42         SH:  4    Dex: 12    Spells: 2/2 levels left

rFire   + . .      SeeInvis .    a - +0 war axe
rCold   . . .      Faith    .    c - +0 buckler
rNeg    . . .      Spirit   .    b - +0 scale mail
rPois   .          Reflect  .    (no helmet)
rElec   .          Harm     .    (no cloak)
rCorr   .          Rampage  .    (no gloves)
Will    .....                    (no boots) Stlth
                                 (no amulet)
HPRegen 0.25/turn                o - ring of protection from fire
MPRegen 0.08/turn                (no ring)

@: no status effects
A: no striking features
a: no special abilities


You were on level 2 of the Dungeon.
You visited 1 branch of the dungeon, and saw 2 of its levels.

You collected 42 gold pieces.

Inventory:

Hand Weapons
 a - a +0 war axe (weapon)
Armour
 b - a +0 scale mail (worn)
 c - a +0 buckler (worn)
Jewellery
 o - a ring of protection from fire (left hand)
Scrolls
 g - a scroll of poison
 h - a scroll of teleportation
 j - a scroll of magic mapping
 k - a scroll of fog
 n - a scroll of enchant armour {unknown}
Potions
 d - a potion of might
 f - a potion of experience {unknown}
 i - 2 potions of degeneration {unknown}
 m - 2 potions of cancellation {unknown}


   Skills:
 + Level 4.3 Fighting
 * Level 4.6 Axes
 - Level 3.2 Armour
 - Level 3.2 Shields


You had 2 spell levels left.
You didn't know any spells.
Your spell library contained the following spells:

 Spells                   Type           Power      Damage    Failure   Level
 Call Canine Familiar     Summ           0%         N/A       99%         3
 Portal Projectile        Hex/Tloc       0%         N/A       99%         3
 Leda's Liquefaction      Hex/Erth       0%         N/A       100%        4


Dungeon Overview and Level Annotations

Branches:
Dungeon (2/15)

Altars:
Xom

Annotations:
D:2 Natasha


Message History

The white imp is moderately wounded.
You closely miss Natasha. Natasha claws you. The white imp gestures at you.
You block the puff of frost. Natasha claws you. The white imp gestures at you.
The puff of frost hits you!
* * * LOW HITPOINT WARNING * * *
You are too injured to fight recklessly!
You are too injured to fight recklessly!
You are too injured to fight recklessly!
You are too injured to fight recklessly!
You are too injured to fight recklessly!
You are too injured to fight recklessly!
You are too injured to fight recklessly!
You are too injured to fight recklessly!
You are too injured to fight recklessly!
You hit Natasha.
Natasha is moderately wounded.
You hit the crimson imp. You barely miss the white imp.
The crimson imp closely misses you. Natasha barely misses you.
The white imp gestures at you. The puff of frost hits you!
* * * LOW HITPOINT WARNING * * *
You feel much better.
The crimson imp blinks!
Natasha claws you. The white imp gestures at you. The puff of frost hits you!
* * * LOW HITPOINT WARNING * * *
You hit Natasha but do no damage.
Natasha is moderately wounded.
You closely miss the white imp.
The crimson imp blinks!
Natasha claws you!
* * * LOW HITPOINT WARNING * * *
The white imp gestures at you. The puff of frost misses you.
You miss Natasha.
Natasha is moderately wounded.
You hit the white imp.
The crimson imp blinks!
Natasha claws you but does no damage. The white imp gestures at you.
The puff of frost hits you!
You die...

***+** #.......#
*,****####...§...##########
*,,,*,...5.......##.....#..
*******,*,*,**#........+.........
*,,,,,,,,,,,,,#........##........
*,**,*,,,,*,*,##.§...............
*,**,*,**,*,,,*#...######...#...#
*,,,,,,**,***###...##...#.......#
*,**,*,**,* #.5@...+......#....#
****,,,,,** ###h#.##.......#....
,,,,**,*,* *#.....÷.÷....#...#
***,**,*,* #..#.##.......#.... *
*,**,,,* #..#..'.......#....
***,**,*,* ***#..#.##............
,,,,,*,,,***,,...#,*#.......#.###
*,,,,*,,,,,,,,..##,,+.......#.*
,,...#.......,,,,,,*#.......#####


You could see Natasha, a crimson imp (summoned) and a white imp (summoned).

Vanquished Creatures
  A dart slug (D:2)
  5 orcs (D:2)
  2 bats
  3 endoplasms (D:1)
  5 goblins
  5 hobgoblins
  A quokka (D:2)
  2 ball pythons (D:2)
  3 frilled lizards
  5 kobolds
  6 rats
38 creatures vanquished.

Vanquished Creatures (others)
  5 plants (D:1)
5 creatures vanquished.

Grand Total: 43 creatures vanquished

Notes
Turn   | Place    | Note
-------+----------+-------------------------------------------
     0 | D:1      | Iich the Hill Orc Fighter began the quest for the Orb.
     0 | D:1      | Reached XP level 1. HP: 19/19 MP: 1/1
   212 | D:1      | Reached XP level 2. HP: 27/27 MP: 2/2
   562 | D:1      | Reached XP level 3. HP: 32/33 MP: 3/3
  1055 | D:2      | Found a shimmering altar of Xom.
  1107 | D:2      | Noticed Natasha
  1118 | D:2      | Killed from afar by a white imp

Illustrated notes

Levels and vault maps discovered:
D:1:      sevenhm_arrival_forest_fort_large_2, layout_loops_ring,
          minmay_misc_feat_secret_circle, chequers_big_river
D:2:      layout_basic, basic_altar, uniq_natasha

Skill      XL: |  1  2 |
---------------+-------+-----
Axes           | 3 4 |  4.6
Fighting       | 4 |  4.3
Armour         | |  3.2
Shields        | |  3.2

Action                     || total
---------------------------++-------
  Melee: War axe           ||   110
    Use: Potion            ||     2
         Scroll            ||     4
 Armour: Scale mail        ||    40
  Dodge: Dodged            ||    54
  Block: Buckler           ||    28

Table legend: (Time is in decaauts)
 A = Elapsed time spent in this place.
 B = Non-inter-level travel time spent in this place.
 C = Inter-level travel time spent in this place.
 D = Time resting spent in this place.
 E = Time spent auto-exploring this place.
 F = Levels seen in this place.
 G = Mean time per level.
                   A        B        C        D        E       F      G
               +--------+--------+--------+--------+--------+-----+--------+
         Total |   1164 |   1126 |     38 |      0 |    863 |   2 |  582.0 |
       Dungeon |   1164 |   1126 |     38 |      0 |    863 |   2 |  582.0 |
               +--------+--------+--------+--------+--------+-----+--------+

Top non-repeatable levels by time:
     D:1: 820 daAuts
     D:2: 344 daAuts
